HSSL
FRESNO HS RED WINGS @ RANDALL HS RAIDERS
04/06/2030
 
TOP OF THE 1ST
Fresno HS Red Wings batting - Pitching for Randall HS Raiders : LHP Robbie Dukes
Pitching: LHP Robbie Dukes
Batting: RHB Vicente Torres 0-0: Foul Ball, location: 2F
0-1: Foul Ball, location: 2F
0-2: Ball
1-2: Ball
2-2: Ball
3-2: Fly out, F9 (Flyball, 9LDF)
Batting: RHB Mike Peterson 0-0: Ground out 5-3 (Groundball, 56S)
Batting: RHB Thomas English 0-0: Fly out, F9 (Line Drive, 9)
Top of the 1st over - 0 runs, 0 hits, 0 errors, 0 left on base; Fresno HS 0 - Randall HS 0
BOTTOM OF THE 1ST
Randall HS Raiders batting - Pitching for Fresno HS Red Wings : RHP Dustin Hensley
Pitching: RHP Dustin Hensley
Batting: RHB Tony Burhoe 0-0: SINGLE (Line Drive, 56D)
Batting: RHB Carlos Rivera 0-0: Called Strike
Tony Burhoe steals 2nd base
0-1: Ball
1-1: Fly out, F9 (Flyball, 9)
Batting: RHB John Zhu 0-0: Ground out U3 (Groundball, 34)
Tony Burhoe to third
Batting: LHB En-guo Wang 0-0: Ball
1-0: Foul Ball, location: 2F
1-1: Ball
2-1: Ball
3-1: Base on Balls
Batting: RHB Michael Brown 0-0: Fly out, F8 (Flyball, 78M)
Bottom of the 1st over - 0 runs, 1 hit, 0 errors, 2 left on base; Fresno HS 0 - Randall HS 0
TOP OF THE 2ND
Fresno HS Red Wings batting - Pitching for Randall HS Raiders : LHP Robbie Dukes
Batting: SHB Xavier Stout 0-0: Foul Ball, location: 2F
0-1: Ball
1-1: Called Strike
1-2: Ball
2-2: Ground out 5-3 (Groundball, 5L)
Batting: RHB Bob Howard 0-0: Called Strike
0-1: Foul Ball, location: 2F
0-2: Ground out U3 (Groundball, 34S)
Batting: RHB Richard Reynolds 0-0: Called Strike
0-1: Called Strike
0-2: Strikes out swinging
Top of the 2nd over - 0 runs, 0 hits, 0 errors, 0 left on base; Fresno HS 0 - Randall HS 0
BOTTOM OF THE 2ND
Randall HS Raiders batting - Pitching for Fresno HS Red Wings : RHP Dustin Hensley
Batting: LHB Kade Clark 0-0: Called Strike
0-1: Ball
1-1: Called Strike
1-2: Foul Ball, location: 2F
1-2: Fly out, F7 (Flyball, 78S)
Batting: RHB Brody Sexton 0-0: Foul Ball, location: 2F
0-1: Foul Ball, location: 2F
0-2: Ball
1-2: Foul Ball, location: 2F
1-2: Ball
2-2: Strikes out swinging
Batting: RHB Joe Reeves 0-0: SINGLE (Groundball, 6D)
Batting: RHB Luis Sánchez 0-0: Called Strike
0-1: Fly out, F8 (Flyball, 8RD)
Bottom of the 2nd over - 0 runs, 1 hit, 0 errors, 1 left on base; Fresno HS 0 - Randall HS 0
TOP OF THE 3RD
Fresno HS Red Wings batting - Pitching for Randall HS Raiders : LHP Robbie Dukes
Batting: RHB José Cómpoz 0-0: Ball
1-0: Swinging Strike
1-1: SINGLE (Line Drive, 56)
Batting: RHB Luis Mata 0-0: Ball
1-0: Foul Ball, location: 2F
1-1: SINGLE (Line Drive, 6M)
José Cómpoz to second
Batting: RHB Steven Springer 0-0: Called Strike
0-1: Foul Ball, location: 2F
0-2: Strikes out looking
Batting: RHB Vicente Torres 0-0: Called Strike
0-1: Ball
1-1: Foul Ball, location: 2F
1-2: Ball
2-2: Fielders Choice at 2nd, 6-4 (Groundball, 6)
José Cómpoz to third
Batting: RHB Mike Peterson 0-0: Ball
1-0: Called Strike
1-1: Called Strike
1-2: Strikes out looking
Top of the 3rd over - 0 runs, 2 hits, 0 errors, 2 left on base; Fresno HS 0 - Randall HS 0
BOTTOM OF THE 3RD
Randall HS Raiders batting - Pitching for Fresno HS Red Wings : RHP Dustin Hensley
Batting: RHB Tony Burhoe 0-0: Ball
1-0: Ball
2-0: Foul Ball, location: 2F
2-1: Foul Ball, location: 2F
2-2: Foul Ball, location: 2F
2-2: Strikes out swinging
Batting: RHB Carlos Rivera 0-0: Ball
1-0: Called Strike
1-1: Swinging Strike
1-2: Foul Ball, location: 2F
1-2: Strikes out looking
Batting: RHB John Zhu 0-0: Ball
1-0: Swinging Strike
1-1: Foul Ball, location: 2F
1-2: Foul Ball, location: 2F
1-2: Strikes out looking
Bottom of the 3rd over - 0 runs, 0 hits, 0 errors, 0 left on base; Fresno HS 0 - Randall HS 0
TOP OF THE 4TH
Fresno HS Red Wings batting - Pitching for Randall HS Raiders : LHP Robbie Dukes
Batting: RHB Thomas English 0-0: Ball
1-0: SINGLE (Line Drive, 6D)
Batting: SHB Xavier Stout 0-0: Ball
1-0: Ball
2-0: Ball
3-0: Base on Balls
Thomas English to second
Batting: RHB Bob Howard 0-0: Ball
1-0: Ball
2-0: Foul Ball, location: 2F
2-1: Ball
Wild Pitch!
Thomas English to third
Xavier Stout to second
3-1: Fly out, F8 (Flyball, 8LS)
Runner from 3rd tags up, SCORES, no throw
Batting: RHB Richard Reynolds 0-0: Ball
1-0: Called Strike
1-1: Foul Ball, location: 2F
1-2: Ball
2-2: Foul Ball, location: 2F
2-2: Ball
3-2: Ground out U3 (Groundball, 3)
Xavier Stout to third
Batting: RHB José Cómpoz 0-0: Ball
1-0: Foul Ball, location: 2F
1-1: Ground out 1-3 (Groundball, 15)
Top of the 4th over - 1 run, 1 hit, 0 errors, 1 left on base; Fresno HS 1 - Randall HS 0
BOTTOM OF THE 4TH
Randall HS Raiders batting - Pitching for Fresno HS Red Wings : RHP Dustin Hensley
Batting: LHB En-guo Wang 0-0: Swinging Strike
0-1: Called Strike
0-2: Ball
1-2: Fly out, F7 (Flyball, 7S)
Batting: RHB Michael Brown 0-0: Swinging Strike
0-1: Foul Ball, location: 2F
0-2: Strikes out swinging
Batting: LHB Kade Clark 0-0: Called Strike
0-1: Swinging Strike
0-2: Strikes out looking
Bottom of the 4th over - 0 runs, 0 hits, 0 errors, 0 left on base; Fresno HS 1 - Randall HS 0
TOP OF THE 5TH
Fresno HS Red Wings batting - Pitching for Randall HS Raiders : LHP Robbie Dukes
Batting: RHB Luis Mata 0-0: Ground out 5-3 (Groundball, 56)
Batting: RHB Steven Springer 0-0: Ball
1-0: Ball
2-0: Foul Ball, location: 2F
2-1: Foul Ball, location: 2F
2-2: Ball
3-2: Strikes out swinging
Batting: RHB Vicente Torres 0-0: Called Strike
0-1: Ball
1-1: Foul Ball, location: 2F
1-2: Ball
2-2: Strikes out swinging
Top of the 5th over - 0 runs, 0 hits, 0 errors, 0 left on base; Fresno HS 1 - Randall HS 0
BOTTOM OF THE 5TH
Randall HS Raiders batting - Pitching for Fresno HS Red Wings : RHP Dustin Hensley
Batting: RHB Brody Sexton 0-0: Ball
1-0: Foul Ball, location: 2F
1-1: Called Strike
1-2: Fly out, F7 (Flyball, 7)
Batting: RHB Joe Reeves 0-0: SINGLE (Line Drive, 5)
Batting: RHB Luis Sánchez 0-0: Ball
1-0: Called Strike
1-1: Swinging Strike
1-2: Ball
2-2: Strikes out swinging
Batting: RHB Tony Burhoe 0-0: Ball
1-0: Foul Ball, location: 2F
1-1: Ball
2-1: Swinging Strike
2-2: Fly out, F7 (Flyball, 7LS)
Bottom of the 5th over - 0 runs, 1 hit, 0 errors, 1 left on base; Fresno HS 1 - Randall HS 0
TOP OF THE 6TH
Fresno HS Red Wings batting - Pitching for Randall HS Raiders : LHP Robbie Dukes
Batting: RHB Mike Peterson 0-0: Ball
1-0: Ball
2-0: Called Strike
2-1: Fly out, F4 (Popup, 23)
Batting: RHB Thomas English 0-0: Ground out 4-3 (Groundball, 4)
Batting: SHB Xavier Stout 0-0: Fly out, F3 (Popup, 3)
Top of the 6th over - 0 runs, 0 hits, 0 errors, 0 left on base; Fresno HS 1 - Randall HS 0
BOTTOM OF THE 6TH
Randall HS Raiders batting - Pitching for Fresno HS Red Wings : RHP Dustin Hensley
Batting: RHB Carlos Rivera 0-0: Called Strike
0-1: Ball
1-1: DOUBLE (Line Drive, 78XD)
Batting: RHB John Zhu 0-0: Foul Ball, location: 2F
0-1: Ball
1-1: Ball
2-1: SINGLE (Flyball, 89S)
Carlos Rivera to third
Batting: LHB En-guo Wang 0-0: Foul Ball, location: 2F
0-1: Foul Ball, location: 2F
0-2: Ball
1-2: Fly out, F9 (Flyball, 89XD)
Runner from 3rd tags up, SCORES, no throw
Batting: RHB Michael Brown 0-0: Ball
1-0: Ball
2-0: Ball
3-0: Base on Balls
John Zhu to second
Pitching: RHP Juan Morales
Batting: LHB Kade Clark 0-0: Ball
1-0: Fielders Choice at 2nd, 1-4 (Groundball, 15S)
John Zhu to third
Batting: RHB Brody Sexton 0-0: Called Strike
Kade Clark is caught stealing 2nd base
Bottom of the 6th over - 1 run, 2 hits, 0 errors, 1 left on base; Fresno HS 1 - Randall HS 1
TOP OF THE 7TH
Fresno HS Red Wings batting - Pitching for Randall HS Raiders : LHP Robbie Dukes
Batting: RHB Bob Howard 0-0: Ball
1-0: Foul Ball, location: 2F
1-1: Swinging Strike
1-2: Ball
2-2: Strikes out looking
Pitching: LHP George Knight
Batting: RHB Richard Reynolds 0-0: DOUBLE (Line Drive, 8LD)
Batting: RHB José Cómpoz 0-0: Intentional Walk
Pinch Hitting: RHB Harry Payne 0-0: Foul Ball, location: 2F
0-1: Fly out, F8 (Flyball, 8RD)
Pinch Hitting: SHB Esteban Martínez 0-0: Called Strike
0-1: Foul Ball, location: 2F
0-2: Strikes out looking
Top of the 7th over - 0 runs, 1 hit, 0 errors, 2 left on base; Fresno HS 1 - Randall HS 1
BOTTOM OF THE 7TH
Randall HS Raiders batting - Pitching for Fresno HS Red Wings : RHP Juan Morales
Now at 3B: Esteban Martínez
Now in RF: Bill Walters
Batting: RHB Brody Sexton 0-0: Foul Ball, location: 2F
0-1: Called Strike
0-2: Strikes out swinging
Batting: RHB Joe Reeves 0-0: Ball
1-0: Ball
2-0: Called Strike
2-1: DOUBLE (Line Drive, 8LD)
Batting: RHB Luis Sánchez 0-0: Swinging Strike
0-1: Ball
1-1: Ball
2-1: Foul Ball, location: 2F
2-2: Strikes out swinging
Pinch Hitting: RHB Tom Allen 0-0: Called Strike
0-1: Ball
1-1: Swinging Strike
1-2: Ball
2-2: Strikes out swinging
Bottom of the 7th over - 0 runs, 1 hit, 0 errors, 1 left on base; Fresno HS 1 - Randall HS 1
TOP OF THE 8TH
Fresno HS Red Wings batting - Pitching for Randall HS Raiders : LHP George Knight
Now at 2B: Tom Allen
Batting: RHB Vicente Torres 0-0: Called Strike
0-1: Ball
1-1: SOLO HOME RUN (Line Drive, 89XD), Distance : 410 ft
Batting: RHB Mike Peterson 0-0: Ball
1-0: SINGLE (Groundball, 34D)
Batting: RHB Thomas English 0-0: Called Strike
0-1: Foul Ball, location: 2F
0-2: Grounds into double play, 4-6-3 (Groundball, 4)
Batting: SHB Xavier Stout 0-0: Ball
1-0: Ball
2-0: Ball
3-0: Base on Balls
Batting: RHB Bob Howard 0-0: Ball
1-0: Foul Ball, location: 2F
1-1: Ball
2-1: Foul Ball, location: 2F
2-2: Strikes out swinging
Top of the 8th over - 1 run, 2 hits, 0 errors, 1 left on base; Fresno HS 2 - Randall HS 1
BOTTOM OF THE 8TH
Randall HS Raiders batting - Pitching for Fresno HS Red Wings : RHP Juan Morales
Batting: RHB Carlos Rivera 0-0: SOLO HOME RUN (Flyball, 9LD), Distance : 356 ft
Batting: RHB John Zhu 0-0: Swinging Strike
0-1: Ball
1-1: Foul Ball, location: 2F
1-2: Strikes out swinging
Pitching: LHP Augusto Morgado
Batting: LHB En-guo Wang 0-0: Called Strike
0-1: Ball
1-1: Ball
2-1: Fly out, F4 (Line Drive, 4)
Pitching: RHP Vic Burton
Batting: RHB Michael Brown 0-0: Called Strike
0-1: Ball
1-1: Ball
2-1: Called Strike
2-2: Fly out, F7 (Flyball, 78D)
Bottom of the 8th over - 1 run, 1 hit, 0 errors, 0 left on base; Fresno HS 2 - Randall HS 2
TOP OF THE 9TH
Fresno HS Red Wings batting - Pitching for Randall HS Raiders : LHP George Knight
Pitching: RHP Bob Elliott
Batting: RHB Richard Reynolds 0-0: Swinging Strike
0-1: Ball
1-1: Foul Ball, location: 2F
1-2: Strikes out looking
Batting: RHB José Cómpoz 0-0: Called Strike
0-1: Swinging Strike
0-2: Ball
1-2: Strikes out looking
Batting: RHB Bill Walters 0-0: Ball
1-0: Ball
2-0: Ball
3-0: Called Strike
3-1: Base on Balls
Batting: SHB Esteban Martínez 0-0: Called Strike
0-1: Called Strike
0-2: Strikes out looking
Top of the 9th over - 0 runs, 0 hits, 0 errors, 1 left on base; Fresno HS 2 - Randall HS 2
BOTTOM OF THE 9TH
Randall HS Raiders batting - Pitching for Fresno HS Red Wings : RHP Vic Burton
Batting: LHB Kade Clark 0-0: Foul Ball, location: 2F
0-1: Ball
1-1: Fly out, F8 (Flyball, 8RM)
Batting: RHB Brody Sexton 0-0: Ball
1-0: Foul Ball, location: 2F
1-1: Foul Ball, location: 2F
1-2: Ball
2-2: Ball
3-2: Base on Balls
Pinch Hitting: LHB Robert Wright 0-0: Ball
1-0: Ball
2-0: Fly out, F9 (Flyball, 9)
Pinch Hitting: SHB Keith Ryan 0-0: Swinging Strike
0-1: Ball
1-1: Foul Ball, location: 2F
1-2: Ball
2-2: Foul Ball, location: 2F
2-2: Ball
3-2: Strikes out looking
Bottom of the 9th over - 0 runs, 0 hits, 0 errors, 1 left on base; Fresno HS 2 - Randall HS 2
TOP OF THE 10TH
Fresno HS Red Wings batting - Pitching for Randall HS Raiders : RHP Bob Elliott
Now at C: Robert Wright
Now at SS: Don Ulrich
Batting: RHB Vicente Torres 0-0: Called Strike
0-1: Ball
1-1: Ball
2-1: Called Strike
2-2: Foul Ball, location: 2F
2-2: Foul Ball, location: 2F
2-2: Strikes out looking
Batting: RHB Mike Peterson 0-0: Ball
1-0: Ball
2-0: DOUBLE (Flyball, 89D)
Batting: RHB Thomas English 0-0: Intentional Walk
Batting: SHB Xavier Stout 0-0: Called Strike
0-1: Foul Ball, location: 2F
0-2: Ball
1-2: Ball
2-2: Ball
3-2: SINGLE (Line Drive, 6)
Mike Peterson to third
Thomas English to second
Runner from 3rd tries for Home, SAFE, throw made home
Batting: RHB Bob Howard 0-0: Ball
1-0: Fly out, F8 (Line Drive, 8LD)
Batting: RHB Richard Reynolds 0-0: Swinging Strike
0-1: Fly out, F2 (Popup, 25F)
Top of the 10th over - 1 run, 2 hits, 0 errors, 2 left on base; Fresno HS 3 - Randall HS 2
BOTTOM OF THE 10TH
Randall HS Raiders batting - Pitching for Fresno HS Red Wings : RHP Vic Burton
Pitching: RHP Derek Dundee
Now at C: Chris Myers
Batting: RHB Tom Allen 0-0: Ball
1-0: Ball
2-0: Called Strike
2-1: Ball
3-1: Base on Balls
Batting: RHB Carlos Rivera 0-0: Foul Ball, location: 2F
0-1: Ball
1-1: Ball
2-1: Ball
3-1: Foul Ball, location: 2F
3-2: Foul Ball, location: 2F
3-2: Strikes out looking
Batting: RHB John Zhu 0-0: Ball
1-0: Foul Ball, location: 2F
1-1: Grounds into double play, 6-4-3 (Groundball, 6)
Bottom of the 10th over - 0 runs, 0 hits, 0 errors, 0 left on base; Fresno HS 3 - Randall HS 2
Saturday, April 7th, 2018 - OOTP Baseball 18.8 Build 76